 Dungeon Crawl Stone Soup version 0.19.5 (webtiles) character file.

272 equalderp2856 the Sneak (level 6, -7/28 HPs)
             Began as a Felid Summoner on Apr 1, 2017.
             Mangled by a wight
             ... wielding a +2 trident
              (12 damage)
             ... on level 6 of the Dungeon.
             The game lasted 00:35:35 (12381 turns).

equalderp2856 the Sneak (Felid Summoner)           Turns: 12381, Time: 00:35:35

Health: -7/28      AC:  2    Str:  4    XL:     6   Next: 2%
Magic:  23/23      EV: 19    Int: 16    God:
Gold:   176        SH:  0    Dex: 23    Spells: 3 memorised, 7 levels left
                                        Lives:  0   Deaths: 2

rFire  . . .     SeeInvis +       - Unarmed
rCold  . . .     Gourm    .     (armour unavailable)
rNeg   . . .     Faith    .     (shield unavailable)
rPois  .         Spirit   .     (helmet unavailable)
rElec  .         Reflect  .     (cloak unavailable)
rCorr  .         Harm     .     (gloves unavailable)
MR     .....                    (boots unavailable)
Stlth  ++++......               (no amulet)
                                w - ring of magical power
                                u - +4 ring of dexterity

@: drained, quick
A: no armour, no weapons or thrown items, stealth, claws 1, fangs 3, see
invisible, carnivore 3, speed 1, shaggy fur 2, slow metabolism 1, no device heal
1, subdued magic 1, sharp paws
a: no special abilities


You were on level 6 of the Dungeon.
You were not hungry.

You visited 1 branch of the dungeon, and saw 6 of its levels.

You collected 246 gold pieces.
You spent 70 gold pieces at shops.

Inventory:

Missiles
 s - 134 arrows
Jewellery
 c - an uncursed amulet of guardian spirit {unknown}
 g - the amulet "Taocecze" {Gourm Str+2, unknown}
   (You found it on level 5 of the Dungeon)

   [amulet of the gourmand]

   It allows you to eat raw meat even when not hungry.
   It affects your strength (+2).
 l - an uncursed amulet of harm
 u - a +4 ring of dexterity (left paw)
 w - a ring of magical power (right paw)
Wands
 n - a wand of flame (19/48)
 y - a wand of enslavement (5/24)
Scrolls
 b - a scroll of enchant armour {unknown}
 d - a scroll of noise {unknown}
 e - 6 scrolls of identify
 f - a scroll of fog
 j - a scroll of amnesia {unknown}
 m - 5 scrolls of teleportation {unknown}
 o - 3 scrolls of remove curse {unknown}
 t - 2 scrolls of enchant weapon {unknown}
 v - 5 scrolls of blinking {unknown}
 x - a scroll of immolation {unknown}
 A - 2 scrolls of brand weapon {unknown}
Potions
 h - a potion of degeneration {unknown}
 i - a potion of brilliance
 k - 3 potions of resistance {unknown}
 q - 2 potions of heal wounds {unknown}
 r - a potion of magic {unknown}
 z - a potion of haste {unknown}
Books
 a - a book of Callings

   Spells                             Type                      Level
   a - Summon Small Mammal            Summoning                    1
   b - Call Imp                       Summoning                    2
   c - Call Canine Familiar           Summoning                    3
   d - Summon Guardian Golem          Hexes/Summoning              3
   e - Summon Lightning Spire         Summoning/Air                4
   f - Summon Ice Beast               Ice/Summoning                4
 p - a book of Changes

   Spells                             Type                      Level
   a - Beastly Appendage              Transmutation                1
   b - Sticks to Snakes               Transmutation                2
   c - Spider Form                    Transmutation/Poison         3
   d - Ice Form                       Ice/Transmutation            4
   e - Blade Hands                    Transmutation                5


   Skills:
 + Level 4.2(3.5) Fighting
 + Level 3.6(3.1) Dodging
 + Level 5.6(4.9) Stealth
 + Level 2.5(1.9) Unarmed Combat
 + Level 4.8(4.2) Spellcasting
 + Level 5.0(4.4) Summonings
 + Level 2.3(1.7) Ice Magic


You had 7 spell levels left.
You knew the following spells:

 Your Spells              Type           Power        Failure   Level  Hunger
a - Summon Small Mammal   Summ           ##..         2%          1    None
b - Call Imp              Summ           ##......     4%          2    ##.....
c - Summon Ice Beast      Ice/Summ       ##......     45%         4    ####...


Dungeon Overview and Level Annotations

Branches:
Dungeon (6/15)             Temple (0/1) D:6

Altars:
Gozag
Kikubaaqudgha
Trog
Xom
The Shining One

Shops:
D:4 (   D:6 %

Annotations:
D:6 Eustachio, Pikel


Innate Abilities, Weirdness & Mutations

You cannot wear armour.
You are incapable of wielding weapons or throwing items.
Your paws allow you to move quietly. (Stealth)
You have sharp claws.
You have razor-sharp teeth.
You have supernaturally acute eyesight. (SInv)
You are carnivorous and can eat meat at any time.
You cover ground quickly.
You are covered in thick fur. (AC +2)
You have a slow metabolism.
Your sharp claws are effective at attacking unaware monsters.
Potions and wands are less effective at restoring your health.
Your spells are a little easier to cast, but a little less powerful.


Message History

A wight is nearby!
A wight is nearby!
A wight is nearby!
A wight is nearby!
The wight hits you from afar with an enchanted trident.
You feel drained.
The wight hits you from afar with an enchanted trident.
The wight closely misses you. The wight misses you. The wight misses you.
The wight closely misses you. The wight barely misses you.
The wight misses you.
The wight hits you from afar with an enchanted trident!
You feel drained. The wight closely misses you.
The wight hits you from afar with an enchanted trident.
* * * LOW HITPOINT WARNING * * *
The wight hits you from afar with an enchanted trident!
You die...

##########.# ########
#.###########
.......###...ยง.......#########
........####.####............#
######..# #.# ####.#######.#
#.># #.# #.# #.# ##..#
#.#######.# #.#
#...####.##......# #.#
#.....###...@# ### #.#
#...##...##...# #.#
#..#..###.z#..# #.#
#.#..#...#..#.# #.#
#.#.#.###.#. .# ######.####
##.#.#...#.# ## #..........
#.#.#.>.#. #.####.####
###.#.#...#. ### #.#
#..#.#.###.# ..####.####.#


You could see a wight.

Vanquished Creatures
  A sky beast (D:6)
  A centaur (D:5)
  A crimson imp (D:5)
  A hound (D:6)
  A worker ant (D:3)
  A gnoll (D:5)
  4 adders
  2 oozes
  2 adder zombies
  2 adder skeletons
  2 dart slugs (D:1)
  2 leopard geckos
  3 orcs (D:5)
  3 bats
  A bat zombie (D:2)
  5 giant cockroaches
  4 goblins
  A hobgoblin (D:1)
  2 kobolds
  2 quokkas
  2 frilled lizards (D:2)
  8 rats
51 creatures vanquished.

Vanquished Creatures (collateral kills)
  The ghost of Agrougrou the Shield-Bearer, an amateur FoFi (D:4)
  Sigmund (D:3)
  A sky beast (D:5)
  A phantom (D:4)
  2 ogres
  3 centaurs
  2 hounds (D:4)
  An orc priest (D:5)
  Jessica (D:3)
  An iguana (D:5)
  5 gnolls
  5 adders
  A shadow imp (D:6)
  2 adder zombies (D:2)
  5 worms
  3 dart slugs
  5 orcs
  4 bats
  A bat zombie (D:2)
  3 giant cockroaches
  16 goblins
  5 hobgoblins
  2 jackals (D:4)
  3 frilled lizards
  3 kobolds
  3 rats
80 creatures vanquished.

Grand Total: 131 creatures vanquished

Notes
Turn   | Place    | Note
-------+----------+-------------------------------------------
     0 | D:1      | equalderp2856 the Felid Summoner began the quest for the Orb.
     0 | D:1      | Reached XP level 1. HP: 7/7 MP: 4/4
   218 | D:1      | Reached XP level 2. HP: 11/11 MP: 1/6
   591 | D:1      | Learned a level 2 spell: Call Imp
  1351 | D:2      | Reached XP level 3. HP: 13/14 MP: 1/7
  1679 | D:2      | Found a glowing golden altar of the Shining One.
  2731 | D:2      | Found a bloodstained altar of Trog.
  2860 | D:3      | Found an opulent altar of Gozag.
  2922 | D:3      | Reached XP level 4. HP: 18/18 MP: 9/9
  3280 | D:3      | Noticed Jessica
  3711 | D:3      | Noticed Sigmund
  3802 | D:4      | Found Qaugiq's Weapon Shoppe.
  3843 | D:4      | Found a glowing golden altar of the Shining One.
  3848 | D:4      | Noticed a phantom
  3889 | D:4      | Killed a phantom
  3889 | D:4      | Reached skill level 1 in Unarmed Combat
  3889 | D:4      | Reached XP level 5. HP: 21/21 MP: 10/10
  4328 | D:3      | Reached skill level 5 in Summonings
  4514 | D:3      | Killed Jessica
  4838 | D:2      | Reached skill level 1 in Fighting
  4966 | D:2      | Learned a level 4 spell: Summon Ice Beast
  5424 | D:2      | Noticed a spatial vortex
  5526 | D:3      | Noticed a hellwing
  6024 | D:3      | Noticed a worldbinder
  6024 | D:3      | Noticed a worldbinder
  6026 | D:3      | Noticed a spiny frog
  6026 | D:3      | Noticed a blink frog
  6480 | D:3      | Noticed a small abomination
  7132 | D:2      | Gained mutation: Your spells are a little easier to cast, but a little less powerful. [mutagenic glow]
  7167 | D:2      | Gained mutation: Potions and wands are less effective at restoring your health. [mutagenic glow]
  7592 | D:4      | Noticed an ogre
  7685 | D:4      | Killed an ogre
  7685 | D:4      | Gained mutation: You are covered in thick fur. (AC +2) [Felid growth]
  7685 | D:4      | Reached XP level 6. HP: 27/27 MP: 2/12
  7732 | D:4      | Found a shimmering altar of Xom.
  8121 | D:4      | Noticed Agrougrou's ghost (amateur FoFi)
  8145 | D:4      | Killed Agrougrou's ghost
  8511 | D:3      | Killed Sigmund
  8773 | D:5      | Entered Level 5 of the Dungeon
  9312 | D:4      | Noticed a small abomination
  9495 | D:5      | Got a twitching ivory amulet
  9654 | D:5      | Reached skill level 1 in Ice Magic
  9654 | D:5      | Reached XP level 7. HP: 5/32 MP: 13/13
 10669 | D:5      | Reached skill level 5 in Stealth
 11118 | D:6      | Found an ancient bone altar of Kikubaaqudgha.
 11489 | D:6      | Reached XP level 8. HP: 5/36 MP: 16/16
 11747 | D:6      | Noticed Pikel
 11791 | D:6      | Noticed Eustachio
 11870 | D:6      | Found Zeor's Food Emporium.
 11874 | D:6      | Bought a meat ration for 70 gold pieces
 12051 | D:6      | Mangled by an ogre
 12052 | D:6      | Reached XP level 7. HP: -6/32 MP: 24/24
 12052 | D:6      | Found a staircase to the Ecumenical Temple.
 12194 | D:6      | HP: 1/32 [slave[Pikel] (1)]
 12194 | D:6      | Slain by a slave
 12195 | D:6      | Reached XP level 6. HP: -4/28 MP: 23/23
 12381 | D:6      | Mangled by a wight

Skill      XL: |  1  2  3  4  5  6  7 |
---------------+----------------------+-----
Dodging        | 3 |  3.6
Stealth        | 3 4 5 |  5.6
Spellcasting   | 3 4 |  4.8
Unarmed Combat | 1 2 |  2.5
Summonings     | 5 |  5.0
Fighting       | 2 4 |  4.2
Ice Magic      | 1 2 |  2.3

Action                   |  1- 3 |  4- 6 |  7- 9 || total
-------------------------+-------+-------+-------++-------
Melee: Unarmed           |    91 |   144 |    45 ||   280
       Bite              |     6 |    19 |     6 ||    31
 Cast: Summon Small Mamm |    43 |    18 |       ||    61
       Call Imp          |    14 |    58 |     9 ||    81
       Summon Ice Beast  |       |    31 |    24 ||    55
  Use: Scroll            |     2 |       |       ||     2
       Potion            |       |     2 |       ||     2
 Stab: Sleeping          |     7 |    11 |     3 ||    21
       Distracted        |     1 |     1 |     1 ||     3
  Eat: Chunk             |     6 |    20 |     5 ||    31
       Beef jerky        |       |     3 |       ||     3
       Meat ration       |       |     1 |     1 ||     2
       Royal jelly       |       |     1 |       ||     1
       Pizza             |       |     1 |       ||     1
Armor: Skin              |     8 |    12 |     5 ||    25
Dodge: Dodged            |   108 |   180 |    82 ||   370
